 Dungeon Crawl Stone Soup version 0.29-a0-409-gd843f3a48c (webtiles) character file.

Game seed: 13822835995390307835

6657 croobank the Covert (level 11, -9/87 HPs)
             Began as a Gnoll Delver on May 14, 2022.
             Was an Initiate of Gozag.
             Killed from afar by an acid dragon (14 damage)
             ... with a splash of acid
             ... on level 10 of the Dungeon.
             The game lasted 00:59:16 (14315 turns).

croobank the Covert (Gnoll Delver)                 Turns: 14315, Time: 00:59:22

Health: -9/87      AC: 12    Str: 12    XL:     11   Next: 3%
Magic:  19/19      EV: 13    Int: 20    God:    Gozag
Gold:   278        SH:  0    Dex: 15    Spells: 4/21 levels left

rFire   + . .      SeeInvis .   a - +2 war axe (flame)
rCold   + . .      Faith    .   (no shield)
rNeg    + . .      Spirit   .   e - +1 swamp dragon scales
rPois   +          Reflect  .   (no helmet)
rElec   +          Harm     .   (no cloak)
rCorr   +          Rampage  .   (no gloves)
Will    .....      Clarity  +   l - +1 pair of boots
Stlth   ++++......              (no amulet)
HPRegen 0.24/turn               r - +6 ring of intelligence
MPRegen 0.16/turn               Q - ring of positive energy

@: mighty, resistant, gold aura, studying Throwing
A: fangs 1, strong nose, distributed training, agile 1, clarity, no potion heal
1
a: Renounce Religion, Potion Petition, Call Merchant, Bribe Branch


You were on level 10 of the Dungeon.
You worshipped Gozag.
Gozag was aware of your devotion.
You visited 2 branches of the dungeon, and saw 11 of its levels.
You also visited: Ossuary.

You collected 1268 gold pieces.
You spent 52 gold pieces at shops.
You paid 938 gold pieces to Gozag.

Inventory:

Hand Weapons
 a - a +2 war axe of flaming (weapon)
 b - a +2 shortbow of flaming
 h - a +0 battleaxe
 i - a +1 spear of venom
 k - a +3 halberd of venom
 s - a +1 mace of protection
 y - a +3 hunting sling
 G - a +4 dagger of chaos
 S - a +0 dire flail
Missiles
 d - 287 stones (quivered)
 j - 3 atropa-tipped darts
 z - 2 boomerangs
 C - 3 throwing nets
 I - a curare-tipped dart
 J - 27 poisoned darts
Armour
 e - +1 swamp dragon scales (worn)
 l - a +1 pair of boots (worn)
 n - the +1 leather armour of Parts Unknown {rElec}
   (You found it on level 3 of the Dungeon)

   rElec:     It insulates you from electricity.
 u - a +0 ring mail
 v - an orb of energy
 E - a +0 plate armour
 L - a +1 chain mail of fire resistance
Magical Staves
 F - a staff of fire
Jewellery
 r - a +6 ring of intelligence (left hand)
 N - a ring of flight
 Q - a ring of positive energy (right hand)
 R - a +6 ring of strength
Wands
 g - a wand of iceblast (3)
 o - a wand of digging (12)
 A - a wand of flame (4)
 K - a wand of polymorph (16)
 M - a wand of acid (4)
Scrolls
 c - a scroll of fog
 m - 2 scrolls of magic mapping
 w - 2 scrolls of teleportation
 P - a scroll of vulnerability
 T - a scroll of identify
Potions
 f - 3 potions of haste
 p - a potion of attraction
 x - a potion of mutation
 B - 2 potions of cancellation
 D - 2 potions of resistance
 H - a potion of brilliance
 O - 3 potions of curing
Miscellaneous
 t - a box of beasts


   Skills:
 + Level 8.9 Fighting
 + Level 5.8 Short Blades
 + Level 5.8 Long Blades
 + Level 7.5 Axes
 + Level 5.8 Maces & Flails
 + Level 5.8 Polearms
 + Level 5.8 Staves
 + Level 5.8 Slings
 + Level 5.8 Bows
 + Level 5.8 Crossbows
 + Level 8.0 Throwing
 + Level 5.8 Armour
 + Level 7.5 Dodging
 + Level 11.2 Stealth
 + Level 5.8 Shields
 + Level 5.8 Unarmed Combat
 + Level 5.8 Spellcasting
 + Level 4.8 Conjurations
 + Level 4.8 Hexes
 + Level 4.8 Summonings
 + Level 4.8 Necromancy
 + Level 4.8 Translocations
 + Level 4.8 Transmutations
 + Level 4.8 Fire Magic
 + Level 4.8 Ice Magic
 + Level 4.8 Air Magic
 + Level 4.8 Earth Magic
 + Level 4.8 Poison Magic
 + Level 6.4 Invocations
 + Level 5.8 Evocations


You had 4 spell levels left.
You knew the following spells:

 Your Spells              Type           Power      Damage    Failure   Level
a - Foxfire               Conj/Fire      100%       2x1d9     3%          1
b - Ensorcelled Hibernat  Hex/Ice        50%        N/A       4%          2
c - Poisonous Vapours     Pois/Air       50%        N/A       4%          2
d - Flame Wave            Conj/Fire      25%        2d7       28%         4
e - Olgreb's Toxic Radia  Pois           25%        N/A       28%         4
f - Sticky Flame          Conj/Fire      25%        2d5       28%         4

Your spell library contained the following spells:

 Spells                   Type           Power      Damage    Failure   Level
 Magic Dart               Conj           100%       1d8       3%          1
 Sting                    Tmut/Pois      100%       1d8       3%          1
 Call Imp                 Summ           25%        N/A       4%          2
 Static Discharge         Conj/Air       25%        N/A       4%          2
 Conjure Flame            Conj/Fire      25%        6-21      9%          3
 Inner Flame              Hex/Fire       25%        N/A       9%          3
 Mephitic Cloud           Conj/Pois/Air  25%        N/A       9%          3
 Spider Form              Tmut/Pois      25%        N/A       9%          3
 Airstrike                Air            12%        N/A       28%         4
 Anguish                  Hex/Necr       12%        N/A       28%         4
 Dispel Undead            Necr           25%        3d12      28%         4
 Summon Lightning Spire   Summ/Air       25%        N/A       28%         4
 Iskenderun's Battlesphe  Conj           25%        2d8       63%         5
 Lightning Bolt           Conj/Air       12%        1d26      63%         5
 Iron Shot                Conj/Erth      12%        9d3       99%         6
 Spellforged Servitor     Conj/Summ      12%        N/A       100%        7


Dungeon Overview and Level Annotations

Branches:
Dungeon (10/15)            Temple (1/1) D:5         Ossuary (visited)
   Lair: D:8-11         Orc: D:9-12

Altars:
Ashenzari
Cheibriados
Dithmenos
Elyvilon
Fedhas
Gozag
Hepliaklqana
Kikubaaqudgha
Nemelex Xobeh
Okawaru
Ru
Sif Muna
Trog
Uskayaw
Vehumet
Xom
Zin
The Shining One

Shops:
D:1 !

Annotations:
D:8 2 transporters


Innate Abilities, Weirdness & Mutations

You have very sharp teeth.
Your uncanny sense of smell can sniff out nearby items.
Your experience applies equally to all skills.
You are agile. (Dex +2)
You possess an exceptional clarity of mind.
Potions are less effective at restoring your health.


Message History

The gargoyle is almost destroyed.
The gargoyle hurls a stone arrow at you.
The stone arrow hits you!!
* * * LOW HITPOINT WARNING * * *
[a] - 494 gold - resistance, might and heal wounds [b] - 210 gold - resistance [c] - 552 gold - brilliance, magic, invisibility and might Purchase which effect? [a] - 494 gold - resistance, might and heal wounds [b] - 210 gold - resistance [c] - 552 gold - brilliance, magic, invisibility and might Purchase which effect?
You don't have enough gold for that! [a] - 494 gold - resistance, might and heal wounds [b] - 210 gold - resistance [c] - 552 gold - brilliance, magic, invisibility and might Purchase which effect?
You no longer have enough gold to petition Gozag for potion effects.
You feel protected. The gargoyle completely misses you.
Okay, then.
Casting: Foxfire (safe; 3% risk of failure)
Confirm with . or Enter, or press ? or * to list all spells.
Okay, then.
Unknown command.
Casting: Foxfire (safe; 3% risk of failure)
Confirm with . or Enter, or press ? or * to list all spells.
Okay, then.
Okay, then.
Your +3 halberd of venom stops dripping with poison.
Your +2 war axe of flaming bursts into flame!
a - a +2 war axe of flaming (weapon)
Okay, then.
You hit the acid dragon. You burn the acid dragon.
The acid dragon is moderately wounded.
You barely miss the gargoyle. The acid dragon spits acid at you.
The splash of acid hits you! You resist.
You die...
Your body crumbles into a pile of gold.

#................#
....#................#
..........<.........##
...##.#..)..##.....#..
#..#.###########.##..
#....# #..#.. #..#####
##<... #9D....#######...#
#########@.............#.#
#..............####..###.#
#.#######......# ##.# ...
#......... .....##
#.......#####...
.........# ##.#
##........# .# ∆
##........ # #.....<#.


You could see an acid dragon (catching breath) and a gargoyle.

Vanquished Creatures
  Harold (D:9)
  Erica (D:8)
  Maggie (D:7)
  Psyche (D:8)
  Grinder (D:3)
  Prince Ribbit (D:5)
  A wyvern (D:8)
  2 steam dragons
  An acid dragon (D:9)
  2 water moccasins
  6 orc warriors
  3 ice beasts
  2 sky beasts
  2 black bears (D:4)
  3 centaurs
  2 ogres (D:6)
  3 kobold brigands
  A necrophage (D:8)
  2 bullfrogs
  3 scorpions
  8 wights
  5 killer bees (D:9)
  3 hounds
  7 orc priests
  An iron imp (D:7)
  2 gnoll shamans
  An iguana (D:4)
  11 orc wizards
  8 adders
  12 gnolls
  4 shadow imps
  A worm (D:3)
  4 dart slugs
  31 orcs
  5 bats
  4 endoplasms
  7 giant cockroaches
  6 goblins
  7 hobgoblins
  22 kobolds
  5 quokkas
  4 ball pythons
  4 frilled lizards
  A goblin skeleton (D:7)
  A goblin zombie (D:7)
  A kobold skeleton (D:7)
  2 kobold zombies
  2 orc skeletons (D:7)
  6 rats
214 creatures vanquished.

Vanquished Creatures (others)
  An orc (D:7)
  168 foxfires
169 creatures vanquished.

Grand Total: 383 creatures vanquished

Notes
Turn   | Place    | Note
-------+----------+-------------------------------------------
     0 | D:5      | Reached skill level 9 in Stealth
     0 | D:5      | croobank the Gnoll Delver began the quest for the Orb.
     0 | D:5      | Reached XP level 1. HP: 23/23 MP: 1/1
     0 | D:5      | Noticed Prince Ribbit
     3 | D:5      | Noticed a scorpion
   107 | D:4      | Noticed a wight
   134 | D:4      | Found a glowing silver altar of Zin.
   192 | D:4      | Found a sand-covered staircase.
   198 | Ossuary  | Entered an ossuary
   363 | D:2      | Reached XP level 2. HP: 28/29 MP: 2/2
   694 | D:1      | Reached XP level 3. HP: 35/35 MP: 3/3
   785 | D:1      | Found Ypsoiqygoi's Distillery.
   795 | D:1      | Bought a potion of might for 52 gold pieces
   997 | D:1      | Learned a level 1 spell: Foxfire
  1000 | D:1      | Learned a level 2 spell: Ensorcelled Hibernation
  1400 | D:2      | Reached skill level 1 in Invocations
  1481 | D:2      | Reached skill level 1 in Short Blades
  1481 | D:2      | Reached skill level 1 in Long Blades
  1481 | D:2      | Reached skill level 1 in Maces & Flails
  1481 | D:2      | Reached skill level 1 in Polearms
  1481 | D:2      | Reached skill level 1 in Staves
  1481 | D:2      | Reached skill level 1 in Slings
  1481 | D:2      | Reached skill level 1 in Bows
  1481 | D:2      | Reached skill level 1 in Crossbows
  1481 | D:2      | Reached skill level 1 in Throwing
  1481 | D:2      | Reached skill level 1 in Armour
  1481 | D:2      | Reached skill level 1 in Shields
  1481 | D:2      | Reached skill level 1 in Unarmed Combat
  1481 | D:2      | Reached skill level 1 in Spellcasting
  1481 | D:2      | Reached skill level 1 in Evocations
  1572 | D:2      | Reached XP level 4. HP: 41/41 MP: 5/5
  1739 | D:2      | Found a faded altar of an unknown god.
  1961 | D:3      | Identified the +1 leather armour of Parts Unknown {rElec}
  2015 | D:3      | Reached skill level 1 in Conjurations
  2015 | D:3      | Reached skill level 1 in Hexes
  2015 | D:3      | Reached skill level 1 in Summonings
  2015 | D:3      | Reached skill level 1 in Necromancy
  2015 | D:3      | Reached skill level 1 in Translocations
  2015 | D:3      | Reached skill level 1 in Transmutations
  2015 | D:3      | Reached skill level 1 in Fire Magic
  2015 | D:3      | Reached skill level 1 in Ice Magic
  2015 | D:3      | Reached skill level 1 in Air Magic
  2015 | D:3      | Reached skill level 1 in Earth Magic
  2015 | D:3      | Reached skill level 1 in Poison Magic
  2276 | D:3      | Noticed Grinder
  2423 | D:3      | Reached XP level 5. HP: 41/47 MP: 6/6
  2734 | D:3      | Paralysed by Grinder for 3 turns
  2740 | D:3      | Paralysed by Grinder for 4 turns
  2748 | D:3      | Killed Grinder
  2749 | D:3      | Reached skill level 5 in Axes
  2749 | D:3      | Reached skill level 5 in Dodging
  2749 | D:3      | Reached XP level 6. HP: 24/53 MP: 4/9
  2961 | D:3      | Found a sacrificial altar of Ru.
  3066 | D:3      | Found a snail-covered altar of Cheibriados.
  3274 | D:4      | Noticed a black bear
  3281 | D:4      | Killed a black bear
  3282 | D:4      | Reached XP level 7. HP: 44/60 MP: 8/10
  3724 | D:4      | Reached skill level 10 in Stealth
  4348 | D:5      | Killed Prince Ribbit
  4349 | D:5      | Reached XP level 8. HP: 66/67 MP: 6/12
  4412 | D:5      | Learned a level 2 spell: Poisonous Vapours
  4454 | D:5      | Found a staircase to the Ecumenical Temple.
  4715 | D:4      | Learned a level 4 spell: Flame Wave
  4720 | D:4      | Learned a level 4 spell: Olgreb's Toxic Radiance
  4894 | Temple   | Entered the Ecumenical Temple
  4939 | Temple   | Became a worshipper of Gozag Ym Sagoz the Greedy
  6470 | D:6      | Found a hide-covered altar of Uskayaw.
  6789 | D:6      | Reached XP level 9. HP: 72/72 MP: 8/14
  7093 | D:6      | Reached skill level 5 in Throwing
  7743 | D:6      | Found a radiant altar of Vehumet.
  9235 | D:7      | Found a glowing golden altar of the Shining One.
  9256 | D:7      | Reached skill level 5 in Invocations
  9308 | D:7      | Found a blossoming altar of Fedhas.
  9322 | D:7      | Noticed Maggie
 10398 | D:7      | Gained mutation: You are agile. (Dex +2) [potion of
                  | mutation]
 10398 | D:7      | Gained mutation: You are frail. (-10% HP) [potion of
                  | mutation]
 10398 | D:7      | Gained mutation: You expend magic power (3 MP) to
                  | strengthen your wands. [potion of mutation]
 10427 | D:7      | Lost mutation: You are frail. (-10% HP) [potion of
                  | mutation]
 10427 | D:7      | Lost mutation: You expend magic power (3 MP) to strengthen
                  | your wands. [potion of mutation]
 10427 | D:7      | Gained mutation: You possess an exceptional clarity of
                  | mind. [potion of mutation]
 10427 | D:7      | Gained mutation: Potions are less effective at restoring
                  | your health. [potion of mutation]
 10438 | D:7      | Killed Maggie
 10439 | D:7      | Reached XP level 10. HP: 22/77 MP: 17/17
 10869 | D:7      | Reached skill level 5 in Short Blades
 10869 | D:7      | Reached skill level 5 in Long Blades
 10869 | D:7      | Reached skill level 5 in Maces & Flails
 10869 | D:7      | Reached skill level 5 in Polearms
 10869 | D:7      | Reached skill level 5 in Staves
 10869 | D:7      | Reached skill level 5 in Slings
 10869 | D:7      | Reached skill level 5 in Bows
 10869 | D:7      | Reached skill level 5 in Crossbows
 10869 | D:7      | Reached skill level 5 in Armour
 10869 | D:7      | Reached skill level 5 in Shields
 10869 | D:7      | Reached skill level 5 in Unarmed Combat
 10869 | D:7      | Reached skill level 5 in Spellcasting
 10869 | D:7      | Reached skill level 5 in Evocations
 11464 | D:8      | Found a transporter.
 11468 | D:8      | Found a sparkling altar of Nemelex Xobeh.
 11469 | D:8      | Noticed a kobold demonologist
 11493 | D:8      | Found a bloodstained altar of Trog.
 11725 | D:8      | Noticed Erica
 11728 | D:8      | Killed Erica
 11754 | D:8      | Learned a level 4 spell: Sticky Flame
 11777 | D:8      | Found a transporter.
 12067 | D:8      | Reached skill level 11 in Stealth
 12329 | D:8      | Found a hazy altar of Hepliaklqana.
 12414 | D:8      | Noticed a kobold demonologist
 12478 | D:8      | Noticed Psyche
 12493 | D:8      | Killed Psyche
 13325 | D:9      | Found an ancient bone altar of Kikubaaqudgha.
 13683 | D:9      | Noticed Harold
 13700 | D:9      | Killed Harold
 13701 | D:9      | Found a shimmering altar of Xom.
 13932 | D:9      | Reached XP level 11. HP: 78/87 MP: 19/19
 14247 | D:10     | Entered Level 10 of the Dungeon
 14315 | D:10     | Killed from afar by an acid dragon

Illustrated notes

Levels and vault maps discovered:
D:1:      elethiomel_arrival_infinity_welcomes_careful_drivers, layout_basic,
          serial_shops, shop
D:2:      layout_basic, ebering_ecumenical_altar_sacrificial
D:3:      layout_loops_ring, nicolae_ru_path_of_blood, cheibrodos_worm_habitat,
          serial_park_tiny_2, minmay_surrounded, uniq_grinder
D:4:      layout_loops_ring, zin_statuary, nicolae_ossuary_entry_plus,
          chequers_serial_rivers_micro_c, minmay_manual_monstrance
D:5:      layout_cave_pools, minmay_temple_entry_large_hall,
          serial_column_ruins, column_ruins_hut, column_ruins_grid_1,
          column_ruins_grid_4, column_ruins_open_small, column_ruins_grid_1,
          uniq_prince_ribbit1
D:6:      layout_basic, fiery_altar_vehumet, nicolae_uskayaw_dance_studio,
          chequers_jeans, uniq_crazy_yiuf_cottage
D:7:      layout_gridville, fedhas_ov_isle_minmay, nicolae_tso_besieged_by_evil,
          skrybe_limestone_x, kennysheep_windowed_goal, uniq_maggie
D:8:      gammafunk_wand_slinger, layout_basic, mainiacjoe_overflow_catwalk,
          mainiacjoe_overflow_catwalk_spiral, uniq_erica, uniq_psyche
D:9:      layout_rooms, kiku_gazebo_garden_becter, xom_teletrap_fun,
          serial_corexii_hall, corexii_hall_statues_x,
          corexii_hall_statues_deadend, minmay_misc_feat_hallway,
          glass_columns_a, minmay_misc_feat_chi, uniq_harold
D:10:     layout_rooms, erik_orc_2, onia_ninara_cookie
Temple:   cyrus_temple_forest

Skill      XL: |  1  2  3  4  5  6  7  8  9 10 11 |
---------------+----------------------------------+-----
Stealth        | 10 11 | 11.2
Invocations    | 1 2 3 4 5 6 |  6.4
Short Blades   | 1 2 3 4 5 |  5.8
Long Blades    | 1 2 3 4 5 |  5.8
Maces & Flails | 1 2 3 4 5 |  5.8
Polearms       | 1 2 3 4 5 |  5.8
Staves         | 1 2 3 4 5 |  5.8
Slings         | 1 2 3 4 5 |  5.8
Bows           | 1 2 3 4 5 |  5.8
Crossbows      | 1 2 3 4 5 |  5.8
Throwing       | 1 2 3 4 6 7 8 |  8.0
Armour         | 1 2 3 4 5 |  5.8
Shields        | 1 2 3 4 5 |  5.8
Unarmed Combat | 1 2 3 4 5 |  5.8
Spellcasting   | 1 2 3 4 5 |  5.8
Evocations     | 1 2 3 4 5 |  5.8
Conjurations   | 1 2 3 4 |  4.8
Hexes          | 1 2 3 4 |  4.8
Summonings     | 1 2 3 4 |  4.8
Necromancy     | 1 2 3 4 |  4.8
Translocations | 1 2 3 4 |  4.8
Transmutations | 1 2 3 4 |  4.8
Fire Magic     | 1 2 3 4 |  4.8
Ice Magic      | 1 2 3 4 |  4.8
Air Magic      | 1 2 3 4 |  4.8
Earth Magic    | 1 2 3 4 |  4.8
Poison Magic   | 1 2 3 4 |  4.8
Axes           | 5 6 7 |  7.5
Dodging        | 5 6 7 |  7.5
Fighting       | 7 8 |  8.9

Action                   |  1- 3 |  4- 6 |  7- 9 | 10-12 || total
-------------------------+-------+-------+-------+-------++-------
Melee: Spear             |    59 |   114 |   212 |       ||   385
       Hand axe          |     9 |       |   215 |    19 ||   243
       Bite              |     6 |    10 |    54 |    21 ||    91
       Punch             |       |     1 |       |       ||     1
       Staff             |       |       |    32 |       ||    32
       Halberd           |       |       |       |   142 ||   142
       War axe           |       |       |       |     1 ||     1
Throw: Stone             |       |       |     3 |     6 ||     9
 Cast: Foxfire           |     4 |    20 |    66 |    12 ||   102
       Poisonous Vapours |       |       |     1 |     3 ||     4
       Ensorcelled Hiber |       |       |     1 |       ||     1
       Olgreb's Toxic Ra |       |       |       |     3 ||     3
       Sticky Flame      |       |       |       |     2 ||     2
Invok: Potion Petition   |       |       |     2 |     1 ||     3
Evoke: Wand              |       |     1 |     6 |     6 ||    13
  Use: Scroll            |     2 |     5 |     9 |     8 ||    24
       Potion            |       |     2 |     8 |     3 ||    13
 Stab: Sleeping          |     7 |    15 |     6 |       ||    28
       Distracted        |       |     1 |       |       ||     1
Armor: Leather armour    |     9 |    29 |    94 |       ||   132
       Chain mail        |       |       |    34 |    16 ||    50
       Skin              |       |       |    17 |       ||    17
       Swamp dragon scal |       |       |       |    57 ||    57
Dodge: Dodged            |    28 |    51 |   276 |   117 ||   472

Table legend: (Time is in decaauts)
 A = Elapsed time spent in this place.
 B = Non-inter-level travel time spent in this place.
 C = Inter-level travel time spent in this place.
 D = Time resting spent in this place.
 E = Time spent auto-exploring this place.
 F = Levels seen in this place.
 G = Mean time per level.
                   A        B        C        D        E       F      G
               +--------+--------+--------+--------+--------+-----+--------+
         Total |  14355 |  13981 |    374 |   4662 |   6391 |  12 | 1196.2 |
       Dungeon |  14245 |  13899 |    346 |   4662 |   6355 |  10 | 1424.5 |
        Temple |     73 |     45 |     28 |      0 |     36 |   1 |   73.0 |
       Ossuary |     36 |     36 |      0 |      0 |      0 |   1 |   36.0 |
               +--------+--------+--------+--------+--------+-----+--------+

Top non-repeatable levels by time:
     D:6: 3438 daAuts
     D:7: 2078 daAuts
     D:4: 1772 daAuts
     D:8: 1546 daAuts
     D:5: 1343 daAuts
     D:9: 1268 daAuts
     D:3: 1058 daAuts
     D:1: 958 daAuts
     D:2: 709 daAuts
  Temple: 73 daAuts
    D:10: 69 daAuts
 Ossuary: 36 daAuts
